Cogmind - Beta 9.3 @@@ ROGUE MODE // 2019.12.28 @ 18:36:38 Player: Horse Result: Smashed by cave-in Performance ------------- Evolutions (1) 500 Regions Visited (3) 600 Robots Destroyed (75) 375 Value Destroyed (1774) 1774 Prototype IDs (7) 140 Alien Tech Used (0) 0 Bonus (0) 0 TOTAL SCORE: 3389 Bonus ------- None Cogmind --------- Core Integrity 0/400 Matter 260/300 Energy 125/125 System Corruption 0% Temperature Cool (0) Movement Walking (150) Ox1 Location -9/Mines Parts ------- > --- POWER (1) -------- Light Ion Engine > --- PROPULSION (2) --- Aluminum Leg Aluminum Leg > --- UTILITY (3) ------ Medium Storage Unit Medium Storage Unit Medium Armor Plating > --- WEAPON (3) ------- Shock Rifle Heavy Assault Rifle Grenade Launcher > --- INVENTORY (12) --- Disposable Heat Sink Medium Storage Unit Advanced Signal Interpreter Improved Targeting Computer Improved Targeting Computer Hacking Suite Hacking Suite Hacking Suite Hacking Suite Shock Rifle Shock Rifle EMP Blaster Peak State ------------ > --- POWER ------------ Light Ion Engine > --- PROPULSION ------- Aluminum Leg Aluminum Leg > --- UTILITY ---------- Improved Heat Sink Medium Storage Unit Medium Armor Plating > --- WEAPON ----------- Advanced Beam Cannon Heavy Assault Rifle Heavy Assault Rifle > --- INVENTORY -------- Aluminum Leg Aluminum Leg Medium Storage Unit Signal Interpreter Medium Armor Plating Medium Armor Plating Particle Gun Grenade Launcher [Rating: 17] Favorites ----------- Power Light Ion Engine Engine Light Ion Engine Propulsion Aluminum Leg Leg Aluminum Leg Utility Medium Storage Unit Device Heat Sink Storage Medium Storage Unit Protection Medium Armor Plating Weapon Heavy Assault Rifle Energy Gun Shock Rifle Energy Cannon Advanced Beam Cannon Ballistic Gun Heavy Assault Rifle Launcher Grenade Launcher Build | -11 -10 -9 -9 ------- Run | Scr Mat Mat Min Slots Evolved 2 | . . 2 . Power . | . . . . Propulsion . | . . . . Utility 1 | . . 1 . Weapon 1 | . . 1 . Parts Attached 75 | 6 29 38 2 Power 10 | 1 4 5 . Engine 10 | 1 4 5 . Core . | . . . . Reactor . | . . . . Propulsion 19 | 2 10 7 . Treads . | . . . . Leg 19 | 2 10 7 . Wheel . | . . . . Hover . | . . . . Flight . | . . . . Utility 13 | 1 5 6 1 Device 5 | . 2 3 . Storage 3 | 1 1 1 . Processor . | . . . . Hackware . | . . . . Protection 5 | . 2 2 1 Artifact . | . . . . Weapon 33 | 2 10 20 1 Energy Gun 14 | 1 3 10 . Energy Cannon 2 | . . 2 . Ballistic Gun 14 | 1 7 6 . Ballistic Cannon . | . . . . Launcher 3 | . . 2 1 Special Weapon . | . . . . Impact Weapon . | . . . . Slashing Weapon . | . . . . Piercing Weapon . | . . . . Special Melee Weapon . | . . . . Unidentified Prototypes 2 | . . 2 . Parts Lost 35 | . 13 22 . Power 6 | . 2 4 . Propulsion 11 | . 5 6 . Utility 5 | . 1 4 . Weapon 13 | . 5 8 . Highest Loss Streak 10 | . 10 6 . Average Slot Usage (%) 93 | . 92 93 100 Engine 10 | . 11 9 11 Leg 21 | . 27 19 22 Device 9 | . 6 10 9 Storage 15 | . 14 15 22 Protection 4 | . 3 5 1 Energy Gun 12 | . 7 14 20 Energy Cannon 2 | . . 3 . Ballistic Gun 14 | . 19 12 11 Naked Turns . | . . . . Heaviest Build 35 | 11 24 31 35 Greatest Support 20 | 20 20 20 20 Greatest Overweight (x) 2 | . 2 2 1 Average Overweight (x) . | . . 1 1 Largest Inventory Capacity 12 | 6 8 12 12 Average Capacity 8 | 5 6 9 12 Most Carried 12 | 1 8 12 12 Average Carried 7 | . 3 8 12 Final Capacity 12 | 6 8 12 12 Final Carried 12 | 1 8 12 12 Class Distribution -------------------- 31% | Scavenger-Gunner 25% | Mutant 20% | Scavenger-Tank 16% | Scavenger-Mutant 6% | Tank Dominant Class ---------------- Mutant | -10/Materials Scavenger-Gunner | -9/Materials Scavenger-Gunner | -9/Mines Resources | -11 -10 -9 -9 ----------- Run | Scr Mat Mat Min Matter Collected 1423 | 224 494 705 . Remotely . | . . . . Salvage Created 2719 | . 600 2119 . Parts 165 | . 38 127 . Haulers Intercepted 5 | . . 5 . Recyclers Shooed 3 | . . 3 . Parts Field Recycled . | . . . . Retrieved Matter . | . . . . Parts Self-Destructed . | . . . . Prevented . | . . . . Kills | -11 -10 -9 -9 ------- Run | Scr Mat Mat Min Combat Hostiles Destroyed 53 | . 16 37 . Guns 43 | . 16 27 . Cannons 4 | . . 4 . AOE 6 | . . 6 . Classes Destroyed 11 | . 6 5 . Worker 6 | . 1 5 . Builder 1 | . . 1 . Tunneler 1 | . 1 . . Hauler 5 | . . 5 . Recycler 4 | . . 4 . Operator 1 | . 1 . . Watcher 4 | . 1 3 . Swarmer 15 | . 5 10 . Grunt 29 | . 11 18 . Duelist 1 | . . 1 . Sentry 8 | . . 8 . Best Kill Streak 6 | . 6 5 . Combat Bots Only 6 | . 6 4 . Max Kills in Single Turn 3 | . 2 3 . Gunslinging 1 | . 1 1 . Exploded 2 | . . 2 . Melee . | . . . . Uniques/NPCs Destroyed . | . . . . Combat | -11 -10 -9 -9 -------- Run | Scr Mat Mat Min Damage Taken 3641 | . 1506 1983 152 Core 635 | . 232 330 73 Absorbed by Shields . | . . . . Core Remaining (%) 53 | 100 7 . . Volleys Fired 161 | . 63 97 1 Largest 3 | . 2 3 1 Hottest 145 | . 70 145 30 Shots Fired 376 | . 112 263 1 Gun 343 | . 112 231 . Cannon 28 | . . 28 . Launcher 5 | . . 4 1 Special . | . . . . Kinetic 197 | . 77 120 . Thermal 97 | . 28 69 . Explosive 3 | . . 2 1 Electromagnetic 79 | . 7 72 . Robot Hit Streak 16 | . 11 16 . Robot Miss Streak 5 | . 5 4 . Penetration Max . | . . . . Secondary Targets 8 | . 4 4 . Max Gunslinging Chain 1 | . 1 1 . Shots Hit Robots 238 | . 66 172 . Core Hits 105 | . 32 73 . Critical Hits 3 | . . 3 . Critical Kills 2 | . . 2 . Critical Parts Destroyed 1 | . . 1 . Melee Attacks . | . . . . Impact . | . . . . Slashing . | . . . . Piercing . | . . . . Sneak Attacks . | . . . . Combat Hostiles . | . . . . Follow-up Attacks . | . . . . Damage Inflicted 3825 | . 882 2943 . Guns 2970 | . 882 2088 . Cannons 357 | . . 357 . Explosions 498 | . . 498 . Melee . | . . . . Ramming . | . . . . Kinetic 1691 | . 686 1005 . Thermal 932 | . 146 786 . Explosive 181 | . . 181 . Electromagnetic 1021 | . 50 971 . Impact . | . . . . Slashing . | . . . . Piercing . | . . . . Highest Corruption . | . . . . Average Corruption . | . . . . Corruption Purged . | . . . . Overload Shots . | . . . . Overflow Damage . | . . . . Projectiles . | . . . . Explosions . | . . . . Melee . | . . . . Knockbacks . | . . . . Impact . | . . . . Kinetic . | . . . . Secondary . | . . . . Self-Inflicted Damage 77 | . . 39 38 Shots 3 | . . 2 1 Rammed . | . . . . Targets Rammed . | . . . . Kicked . | . . . . Crushed . | . . . . Highest Temperature 198 | . 71 198 . Average Temperature 38 | . 22 44 . Received Heat Transfer 1281 | . 579 702 . Siege Activations . | . . . . Robots Corrupted . | . . . . Combat Hostiles . | . . . . Parts Fried 6 | . . 6 . Impact Corruptions . | . . . . Robots Melted . | . . . . Combat Hostiles . | . . . . Parts Melted . | . . . . Heat Transferred 1815 | . 407 1408 . Parts Sabotaged . | . . . . Parts Stolen . | . . . . Parts Stripped . | . . . . Power Chain Reactions 4 | . . 4 . Missiles Intercepted . | . . . . Alert | -11 -10 -9 -9 ------- Run | Scr Mat Mat Min Peak Influence 284 | . 239 284 110 Average Influence 120 | . 57 148 110 Maximum Alert Level 1 | . 1 1 . Low Security (%) 80 | 100 98 71 100 Level 1 19 | . 1 28 . Level 2 . | . . . . Level 3 . | . . . . Level 4 . | . . . . Level 5 . | . . . . High Security . | . . . . Max Security . | . . . . Squads Dispatched 9 | . 3 6 . Investigation 8 | . 2 6 . Extermination . | . . . . Reinforcement 1 | . 1 . . Assault . | . . . . Garrison . | . . . . Intercept . | . . . . Construction Impeded . | . . . . Haulers Reinforced . | . . . . Stealth | -11 -10 -9 -9 --------- Run | Scr Mat Mat Min Distress Signals 5 | . 1 4 . Communications Jammed . | . . . . Distress Signals . | . . . . Times Spotted 74 | . 25 49 . Peak Tracking Total 7 | . 7 5 . Tactical Retreats 8 | . 1 7 . Traps | -11 -10 -9 -9 ------- Run | Scr Mat Mat Min Traps Triggered 9 | . 7 2 . Indirectly . | . . . . Trap Hack Attempts . | . . . . Triggered . | . . . . Disarmed . | . . . . Reprogrammed 1 | . . 1 . Reused . | . . . . Traps Extracted . | . . . . Installed . | . . . . Triggered . | . . . . Machines | -11 -10 -9 -9 ---------- Run | Scr Mat Mat Min Machines Disabled 7 | . . 7 . Max in Single Turn 2 | . . 2 . Machines Sabotaged . | . . . . Garrisons Compromised . | . . . . Overloaded Fab Kills . | . . . . Fab Network Shutdowns . | . . . . Hacking | -11 -10 -9 -9 --------- Run | Scr Mat Mat Min Machines Accessed 17 | . 5 12 . Terminals 13 | . 4 9 . Fabricators . | . . . . Repair Stations . | . . . . Recycling Units 2 | . 1 1 . Scanalyzers 2 | . . 2 . Garrison Access . | . . . . Total Hacks 70 | . 22 48 . Successful 42 | . 12 30 . Failed 27 | . 10 17 . Catastrophic 2 | . 1 1 . Database Lockouts 1 | . . 1 . Manual 42 | . 20 22 . Terminals 62 | . 21 41 . Fabricators . | . . . . Repair Stations . | . . . . Recycling Units 4 | . 1 3 . Scanalyzers 4 | . . 4 . Garrison Access . | . . . . Terminal Hacks 27 | . 7 20 . Part Schematic 1 | . . 1 . Robot Schematic 1 | . 1 . . Robot Analysis 3 | . 2 1 . Prototype ID Bank 3 | . 1 2 . Level Access Points 1 | . . 1 . Branch Access Points 1 | . . 1 . Terminal Index 2 | . 1 1 . Alert Level 4 | . . 4 . Unreport Threat 3 | . 1 2 . Locate Traps 1 | . . 1 . Reprogram Traps 1 | . . 1 . Recall Investigation 1 | . . 1 . Hauler Manifests 4 | . 1 3 . Registered Components 1 | . . 1 . Fabricator Hacks . | . . . . Repair Station Hacks . | . . . . Recycling Unit Hacks 2 | . 1 1 . Retrieve Components 2 | . 1 1 . Scanalyzer 4 | . . 4 . Insert Component 2 | . . 2 . Analyze 2 | . . 2 . Garrison Access Hacks . | . . . . Unauthorized Hacks 26 | . 12 14 . Terminals 8 | . 4 4 . Assimilate 1 | . 1 . . Botnet 6 | . 3 3 . Disrupt 1 | . . 1 . Fabricators . | . . . . Repair Stations . | . . . . Recycling Units 1 | . . 1 . Recyclers 1 | . . 1 . Scanalyzers . | . . . . Garrison Access . | . . . . Data Cores Recovered . | . . . . Used . | . . . . Hacking Detections 16 | . 5 11 . Full Trace Events 8 | . 3 5 . Feedback Events . | . . . . Feedback Blocked . | . . . . Robot Schematics Acquired 1 | . 1 . . Robots Built . | . . . . Matter . | . . . . Time . | . . . . Total Robot Build Rating . | . . . . Part Schematics Acquired 3 | . . 3 . Parts Built . | . . . . Matter . | . . . . Time . | . . . . Total Part Build Rating . | . . . . Parts Repaired . | . . . . Time . | . . . . Parts Recycled . | . . . . Recycled Matter . | . . . . Retrieved Matter . | . . . . Retrieved Components 10 | . 1 9 . Parts Scanalyzed 2 | . . 2 . Part Schematics Acquired 2 | . . 2 . Parts Damaged . | . . . . Bothacking | -11 -10 -9 -9 ------------ Run | Scr Mat Mat Min Used RIF Installer . | . . . . Robots Hacked . | . . . . Non-combat . | . . . . Combat . | . . . . Robot Hacks Applied . | . . . . Relay Couplers Released . | . . . . Robots Rewired . | . . . . Allies Hacked . | . . . . Hacks Repelled . | . . . . Allies | -11 -10 -9 -9 -------- Run | Scr Mat Mat Min Total Allies . | . . . . Largest Group . | . . . . Highest-Rated Group . | . . . . Highest-Rated Ally . | . . . . Total Orders . | . . . . Ally Attacks . | . . . . Total Damage . | . . . . Kills . | . . . . Allies Corrupted . | . . . . Allies Melted . | . . . . Intel | -11 -10 -9 -9 ------- Run | Scr Mat Mat Min Robot Analysis Total 3 | . 2 1 . Derelict Logs Recovered . | . . . . Drone Launches . | . . . . Drone Recoveries . | . . . . Exploration | -11 -10 -9 -9 ------------- Run | Scr Mat Mat Min Turns Passed 3470 | 42 967 2362 99 Spaces Moved 1771 | 28 570 1110 63 Core 2 | 1 1 . . Treads . | . . . . Legs 1769 | 27 569 1110 63 Wheels . | . . . . Hover . | . . . . Flight . | . . . . Fastest Speed 50 | 50 120 120 150 Average Speed 144 | 117 126 153 150 Slowest Speed 180 | 120 150 180 150 Overloaded Moves . | . . . . Propulsion Burnouts . | . . . . Robots Hopped . | . . . . Cave-ins Triggered 1 | . . . 1 Exploration Rate (%) 50 | 3 85 85 29 Regions Visited 3 Branch Regions 1 Pre-discovered Areas . | . . . . Known Exits Taken 1 | . . 1 . Unknown Exits Taken 2 | 1 1 . . Scrap Searched . | . . . . Spaces Dug . | . . . . Terrain Destroyed 12 | . . 10 2 Melee . | . . . . Projectile . | . . . . AOE 12 | . . 10 2 Actions | -11 -10 -9 -9 --------- Run | Scr Mat Mat Min Total 2349 | 34 693 1556 66 Wait 292 | . 18 274 . Move 1768 | 27 569 1109 63 Hop . | . . . . Pick Up 38 | 1 12 25 . Fast Attach 38 | 6 20 12 . Attach 26 | . 7 19 . Detach 5 | . 1 4 . Swap 11 | . 2 7 2 Drop 10 | . 1 9 . Fire 161 | . 63 97 1 Melee . | . . . . Ram . | . . . . Kick . | . . . . Crush . | . . . . Escape Stasis . | . . . . Rewire . | . . . . Trap . | . . . . Miscellaneous . | . . . . Route ------- -11/Scrapyard -10/Materials (discovered 4 exits: *Mat x3 / [*Min]) -9/Materials (discovered 5 exits: *Mat x3 / *Min x2) -9/Mines History --------- Turn | Location | Event 14 | -11/Scrapyard | Discovered new exit (range 15) 43 | -11/Scrapyard | Entered Materials 173 | -10/Materials | Discovered new exit (range 3) 303 | -10/Materials | Discovered new exit (range 16) 306 | -10/Materials | Build established: Mutant 721 | -10/Materials | Discovered new exit (range 16) 753 | -10/Materials | Core integrity fell below 50% 785 | -10/Materials | Core integrity fell below 20% 845 | -10/Materials | Lost 10 parts (1p5n1u3w) 880 | -10/Materials | Discovered new exit (range 16) 1010 | -10/Materials | Entered another Materials area 1010 | -9/Materials | Evolved 2 slots: Utility x1, Weapon x1 1135 | -9/Materials | Build established: Scavenger-Mutant 1466 | -9/Materials | Discovered new exit (range 11) 1559 | -9/Materials | Build established: Scavenger-Tank 1626 | -9/Materials | Lost 3 parts (1p2n) 1742 | -9/Materials | Lost 3 parts (2u1w) 1845 | -9/Materials | Identified exit to Mines 2399 | -9/Materials | Lost 5 parts (1p1n3w) 2441 | -9/Materials | Central database locked down 2471 | -9/Materials | Core integrity fell below 50% 2657 | -9/Materials | Build established: Scavenger-Gunner 2894 | -9/Materials | Identified exit to Materials 3199 | -9/Materials | Core integrity fell below 20% 3239 | -9/Materials | Lost 6 parts (2p1n1u2w) 3372 | -9/Materials | Entered Mines 3461 | -9/Mines | Excavation squad dispatched 3461 | -9/Mines | A large section of the Mines collapsed 3472 | -9/Mines | Crushed by falling debris 3472 | -9/Mines | Smashed by cave-in Last Messages --------------- 03231_ Acquired 13 matter. 03231_ K-01 Serf collects debris. 03236_ Acquired 10 matter. 03238_ K-01 Serf collects debris. 03270_ K-01 Serf cleans the Electrolysis Chamber. 03275_ Chain reaction triggered in Lgt. Ion Engine. 03275_ K-01 Serf destroyed. 03275_ Electrolysis Chamber disabled. 03279_ Acquired 3 matter. 03283_ U-05 Engineer lays Concrete. 03317_ Acquired Shock Rifle. 03322_ Acquired Hacking Suite. 03356_ K-01 Serf collects debris. LOCATION=MINES GOAL=ESCAPE 03446_ K-01 Serf collects debris. 03461_ K-01 Serf crushed by falling debris. 03461_ ALERT: Suspicious cave-in, suspected derelict activity in mines. Dispatching escorted excavation squad. 03472_ The unstable cave ceiling collapses. 03472_ Crushed by falling debris. Map ----- +----------------------------------------------------+ | ???# ##?????????????????????????????????? | | ???## ##??????????????????????????????????? | | ????## ##???????????????????????????????????? | | ?????## #????????????????????????????????????? | | ??????# #????????????????????????????????????? | | ??????# #????????????????????????????????????? | | ??????# #????????????????????????????????????? | | ??????# #????????????????????????????????????? | | ??????# #????????????????????????????????????? | | ####??# #????????????????????????????????????? | | # ##?# #????????????????????????????????????? | | #?# #????????????????????????????????????? | | ### #????????????????????????????????????? | | ## #????????????????????????????????????? | | ## #????????????????????????????????????? | | #????????????????????????????????????? | | #????????????????????????????????????? | | ######????????????????????????????????????? | | #????????????????????????????????????????? | | #????????????????????????????????????????? | | #???????????###??????????????????????????? | | #???????????# ??????????????????????????? | | #???????????# #??????????????????????????? | | ##???????????# #??????????????????????????? | | ##????#######?# #????####??????????????????? | | #?##### #?# #?####@ #??????????????????? | | #### #?# ### ##?????????????????? | | ###?# ### ## # ######??????????????? | | #???# """ ## # # # #??????????????? | | ##??# """ ##### #?????????????? | | ##??# """ ##### ##??# #?????????????? | | #???# #???###????# #?????????????? | | ##??## ##??????????? #?????????????? | | ##### #????????????? ##?????????????? | | ##??????????????##??????????????? | | ##### ##???????????????????????????????? | | ##???## ##????????????????????????????????? | | ####?????####?????????????????????????????????? | | ??????????????????????????????????????????????? | | ??????????????????????????????????????????????? | | | | | | | | | | | | | | | | | | | | | +----------------------------------------------------+ Best States ------------- Heat Dissipation 42 Coolant Potential 50 Energy Generation 10 Energy Capacity 250 Matter Stores 300 Matter Capacity 300 Sight Range 16 Terrain Scan Density 10 Armor Coverage 225 Evasion (%) 40 Item Schematics ----------------- Signal Interpreter | -9/Materials | Scanalyzed Imp. Targeting Computer | -9/Materials | Scanalyzed Core Shielding | -9/Materials | Hacked Robot Schematics ------------------ M-13 Machinist | -10/Materials | Hacked Fabricated ------------ Nothing Alien Tech Used ----------------- None Achievements -------------- None Challenges ------------ None Game ------ Seed DecoderAlloySteel Manual? 0 Play Time 00:35:08 Cumulative 845.1 hours Start 2019.12.28 @ 18:01:19 End 2019.12.28 @ 18:36:38 Sessions 1 Manual Loads 0 Difficulty Rogue Special Mode None Game No. 310 Rogue 310 Adventurer 0 Explorer 0 Win Type - Total 12 Types 11/0/1/0/0/0/0 Lore% 77 Gallery% 87 Achievement% 69 Wizard Run 0 Options --------- ASCII 0 Keyboard 1 Movement Numpad Keybinds 0 Fullscreen 2 Font 18/SmallcapsGlow Map View 112x50 Tactical HUD 1 Map Filters NONE Filters NONE Steam 1 RUN: 25f2b730-966c-4851-88f5-b9935a7b7aa0